 Dungeon Crawl Stone Soup version 0.28.0 (webtiles) character file.

Game seed: 12207745864150212676

1751 ddubois the Magician (level 9, -3/55 HPs)
             Began as a Djinni Venom Mage on Feb 15, 2022.
             Killed by an exploding orc wizard (8 damage)
             ... ignited by their inner flame
             ... on level 6 of the Dungeon.
             The game lasted 00:25:05 (10446 turns).

ddubois the Magician (Djinni Venom Mage)           Turns: 10446, Time: 00:25:05

Health: -3/55      AC:  3    Str:  7    XL:     9   Next: 27%
Gold:   218        EV: 14    Int: 21    God:
                   SH:  5    Dex: 14

rFire   + + .      SeeInvis .   D - +1 dagger (elec)
rCold   x . .      Faith    .   A - +2 buckler
rNeg    . . .      Spirit   .   a - +0 robe
rPois   ∞          Reflect  .   i - +0 helmet of Vikhlun {rElec}
rElec   +          Harm     .   (no cloak)
rCorr   .          Rampage  .   (no gloves)
Will    +....                   (boots unavailable)
Stlth   ++........              (no amulet)
HPRegen 0.18/turn               b - ring of willpower
MPRegen 0.00/turn               (no ring)

@: flying
A: sickness immunity, fire resistance 2, cold vulnerability 1, float, innate
caster, HP casting, extra vitality 1
a: no special abilities


You were on level 6 of the Dungeon.
You visited 2 branches of the dungeon, and saw 8 of its levels.

You collected 218 gold pieces.

Inventory:

Hand Weapons
 j - a +1 hand axe of venom
 o - a +2 dagger of venom
 s - a +2 short sword of protection
 w - a +0 vorpal war axe
 x - a +0 short sword of speed
 C - a +0 fustibalus
 D - a +1 dagger of electrocution (weapon)
Missiles
 e - 4 silver javelins
 f - 5 poisoned darts
 g - 4 curare-tipped darts
 h - 95 stones
 m - 66 bolts
 p - 76 arrows
 E - 16 sling bullets
 G - 3 silver boomerangs
Armour
 a - a +0 robe (worn)
 i - the +0 helmet of Vikhlun (worn) {rElec}
   (You found it on level 3 of the Dungeon)

   rElec:     It insulates you from electricity.
 l - a +0 kite shield
 A - a +2 buckler (worn)
Magical Staves
 n - a staff of air
Jewellery
 b - a ring of willpower (left hand)
Wands
 B - a wand of polymorph (12)
Scrolls
 q - 2 scrolls of brand weapon {unknown}
 r - a scroll of fog {unknown}
 u - a scroll of identify
 v - a scroll of silence {unknown}
 y - 2 scrolls of vulnerability {unknown}
 F - a scroll of teleportation
Potions
 c - 2 potions of curing {unknown}
 d - a potion of might {unknown}
 t - a potion of attraction {unknown}
 z - a potion of lignification {unknown}
 H - a potion of heal wounds


   Skills:
 * Level 2.0 Short Blades
 - Level 7.0 Dodging
 - Level 2.0 Stealth
 - Level 7.4 Spellcasting


You had 3 spell levels left.
You knew the following spells:

 Your Spells              Type           Power      Damage    Failure   Level
a - Sting                 Tmut/Pois      100%       1d8       1%          1
b - Poisonous Vapours     Pois/Air       76%        N/A       1%          2
c - Mephitic Cloud        Conj/Pois/Air  38%        N/A       1%          3
d - Olgreb's Toxic Radia  Pois           38%        N/A       5%          4
e - Slow                  Hex            100%       N/A       1%          1
f - Call Imp              Summ           38%        N/A       1%          2
g - Spider Form           Tmut/Pois      38%        N/A       1%          3
h - Lesser Beckoning      Tloc           38%        N/A       1%          3
Your spell library was empty.

Dungeon Overview and Level Annotations

Branches:
Dungeon (7/15)             Temple (1/1) D:6

Altars:
Ashenzari
Cheibriados
Dithmenos
Fedhas
Makhleb
Nemelex Xobeh
Qazlal
Ru
Sif Muna
Trog
Uskayaw
Vehumet
Xom
Yredelemnul
The Shining One

Annotations:
D:3 3 runed translucent doors, snaxamus's ghost, amateur DsGl
D:5 Edmund
D:6 exclusion: upstairs


Innate Abilities, Weirdness & Mutations

You are immune to sickness and miasma.
You are immune to poison.
Your flesh is very heat resistant. (rF++)
You are vulnerable to cold. (rC-)
You float through the air rather than walking.
You learn spells naturally, not from books.
Your magical power is your life essence.
You have superior vitality. (+4 MHP)


Message History

There is a stone staircase leading up here.
Unknown command.
Unknown command.
The scorpion stings you but does no damage.
The orc wizard barely misses you. You block the orc wizard's attack.
You fly upwards.
Level annotation: exclusion: upstairs
There is a stone staircase leading down here.
Casting: Poisonous Vapours (safe; 1% risk of failure)
Confirm with . or Enter, or press ? or * to list all spells.
Aiming: Poisonous Vapours (safe; 1% risk of failure)
Press: ? - help, Dir - move target, f - orc wizard
Aim: an orc wizard, wielding a +0 dagger and wearing a +0 robe Poisonous vapours surround the orc wizard!
The orc wizard is poisoned.
The scorpion barely misses you.
You block the orc wizard's attack. x2; The scorpion stings you!
You hit the orc wizard.
The orc wizard is moderately wounded.
The orc wizard hits you but does no damage. x2
The scorpion misses you.
You hit the orc wizard but do no damage.
The orc wizard is heavily wounded.
The scorpion barely misses you. The orc wizard casts a spell at you.
The magic dart hits you.
The orc priest calls down the wrath of Beogh upon you.
Beogh smites you!
* * * LOW HITPOINT WARNING * * *
The orc wizard completely misses you.
As you read the scroll labelled PYIZXUDUMO, it crumbles to dust.
The creatures around you are filled with an inner flame!
It was a scroll of immolation.
The scorpion barely misses you.
The orc wizard explodes!
The fiery explosion engulfs the orc wizard!
The fiery explosion engulfs you! You resist.
* * * LOW HITPOINT WARNING * * *
The orc wizard explodes!
The fiery explosion engulfs the scorpion!!
The fiery explosion engulfs you! You resist.
You die...

#.#.#.# #.# #..# #.# #.
..#.#.# #.# #..# #.# #.
###.#.# #.# #..# #.# #.
....#.#
######.#####..###.# #.
###.#.##
#.................# #.
..#.#..#
#..########..###### #.
#.#.#..# #..# #..# #.
#.#.#..# #..########..# #.
#...#..#####..##@§......#
#.
#####.....<...o§§#####..##
####. ......######..####
#.....# #.... #####.#
#..######...[.## #.###
#...#.## #........>.....#
#.# #.#5#..#
##.............# #.#
#5#.#..# ##.#####......#
#.# ..#.#..# #.# ##....>#
#.# ###.#..# #.# ##..#.#
#.#


You could see an orc priest (inner flame).

Vanquished Creatures
  3 yaks (D:6)
  A necrophage (D:5)
  4 ogres
  Blork the orc (D:4)
  3 scorpions
  A howler monkey (D:5)
  A bullfrog zombie (D:6)
  A jelly (D:3)
  A bullfrog skeleton (D:5)
  5 hounds
  3 orc priests
  A centaur skeleton (D:6)
  An iguana (D:5)
  4 orc wizards
  A hound skeleton (D:5)
  3 gnolls (D:4)
  7 adders
  A white imp (D:6)
  An ufetubus (D:6)
  2 worms
  A dart slug (D:2)
  6 orcs
  9 bats
  5 endoplasms
  4 giant cockroaches
  9 goblins
  7 hobgoblins
  5 quokkas
  5 ball pythons
  A frilled lizard (D:2)
  4 kobolds
  2 rats (D:1)
103 creatures vanquished.

Vanquished Creatures (collateral kills)
  A bullfrog skeleton (D:6)
  2 white imps (D:6)
3 creatures vanquished.

Grand Total: 106 creatures vanquished

Notes
Turn   | Place    | Note
-------+----------+-------------------------------------------
     0 | D:1      | ddubois the Djinni Venom Mage began the quest for the Orb.
     0 | D:1      | Reached XP level 1. HP: 15/15 MP: 0/0
   191 | D:1      | Reached XP level 2. HP: 18/21 MP: 0/0
  1142 | D:1      | Reached XP level 3. HP: 20/25 MP: 0/0
  1142 | D:1      | Learned a level 1 spell: Slow
  2541 | D:2      | Found a faded altar of an unknown god.
  2572 | D:2      | Reached XP level 4. HP: 16/31 MP: 0/0
  3582 | D:3      | Identified the +0 helmet of Vikhlun {rElec}
  3712 | D:3      | Noticed a scorpion
  3718 | D:3      | Killed a scorpion
  3719 | D:3      | Reached XP level 5. HP: 29/35 MP: 0/0
  3719 | D:3      | Learned a level 2 spell: Call Imp
  3772 | D:3      | Found a stormy altar of Qazlal.
  3874 | D:3      | Found a runed translucent gate.
  3874 | D:3      | Found a runed translucent gate.
  3874 | D:3      | Found a runed translucent gate.
  3877 | D:3      | Noticed snaxamus's ghost (amateur DsGl)
  3878 | D:3      | Noticed a kobold brigand
  4325 | D:3      | Reached XP level 6. HP: 34/40 MP: 0/0
  4677 | D:3      | Found a blossoming altar of Fedhas.
  4948 | D:4      | Noticed Blork the orc
  5547 | D:4      | Killed Blork the orc
  6296 | D:5      | Entered Level 5 of the Dungeon
  6461 | D:5      | Noticed Edmund
  6846 | D:5      | Reached XP level 7. HP: 27/45 MP: 0/0
  6846 | D:5      | Learned a level 3 spell: Spider Form
  6851 | D:5      | Reached skill level 5 in Spellcasting
  7460 | D:5      | Reached skill level 5 in Dodging
  7688 | D:4      | Reached XP level 8. HP: 38/50 MP: 0/0
  7876 | D:5      | Noticed a gargoyle
  7958 | D:5      | HP: 1/50 [gargoyle/stone arrow (20)]
  8587 | D:6      | Noticed a yak
  8607 | D:6      | Killed a yak
  8716 | D:6      | Noticed a yak
  8733 | D:6      | Noticed a yak
  8740 | D:6      | Killed a yak
  8741 | D:6      | Reached XP level 9. HP: 31/55 MP: 0/0
  8741 | D:6      | Learned a level 3 spell: Lesser Beckoning
  9583 | D:6      | Reached skill level 1 in Short Blades
  9714 | D:6      | Found a staircase to the Ecumenical Temple.
  9831 | Temple   | Entered the Ecumenical Temple
 10286 | D:7      | Found a burning altar of Makhleb.
 10446 | D:6      | Killed by an exploding orc wizard... ignited by their inner
                  | flame

Illustrated notes

Levels and vault maps discovered:
D:1:      grunt_arrival_crossed_arrows, layout_loops_cross, dk_noncrumbling_2,
          minmay_tall_x
D:2:      layout_basic, basic_ecumenical_altar
D:3:      layout_loops_ring, nicolae_qazlal_general_emergency,
          fedhas_altar_fruit_tree, gammafunk_ghost_nasty_kobolds,
          serial_bayou_lagoon_b
D:4:      layout_loops_corners, uniq_blork_the_orc
D:5:      black_bear_nest_2, layout_loops_ring,
          mainiacjoe_overflow_concentric_impassable, uniq_grinder, uniq_edmund
D:6:      layout_loops_ring, minmay_temple_entry_proselytizer, roderic_lattice_a
D:7:      layout_rooms, makhleb_heckhound_becter, mainiacjoe_overflow_paths
Temple:   minmay_temple_curvy_loop

Skill      XL: |  1  2  3  4  5  6  7  8  9 |
---------------+----------------------------+-----
Spellcasting   | 3 4 5 7 |  7.4
Stealth        | 2 |  2.0
Dodging        | 3 4 5 6 7 |  7.0
Short Blades   | 2 |  2.0

Action                   |  1- 3 |  4- 6 |  7- 9 || total
-------------------------+-------+-------+-------++-------
Melee: Unarmed           |     2 |       |       ||     2
       Hand axe          |       |     8 |     6 ||    14
       Short sword       |       |       |    55 ||    55
       Punch             |       |       |     2 ||     2
       Dagger            |       |       |     6 ||     6
 Cast: Sting             |    45 |    35 |    17 ||    97
       Poisonous Vapours |    35 |    69 |    60 ||   164
       Slow              |       |     4 |     9 ||    13
       Call Imp          |       |     3 |    10 ||    13
       Mephitic Cloud    |       |       |     2 ||     2
  Use: Scroll            |       |     4 |     1 ||     5
       Potion            |       |     1 |       ||     1
 Stab: Sleeping          |       |     1 |     1 ||     2
       Distracted        |       |       |     1 ||     1
Armor: Robe              |     5 |     2 |    19 ||    26
Dodge: Dodged            |    16 |    18 |    72 ||   106
Block: Buckler           |       |       |     9 ||     9
